 Dungeon Crawl Stone Soup version 0.26-a0-958-gf3041fb45f (webtiles) character file.

Game seed: 12066227046252168983

8936 ringo67 the Fighter (level 11, -5/124 HPs)
             Began as an Ogre Hunter on Dec 2, 2020.
             Was an Elder of Okawaru.
             Killed from afar by an efreet (26 damage)
             ... with a fireball
             ... on level 9 of the Dungeon.
             The game lasted 00:52:53 (24103 turns).

ringo67 the Fighter (Ogre Hunter)                  Turns: 24103, Time: 00:52:53

Health: -5/124     AC: 11    Str: 21    XL:     11   Next: 38%
Magic:  14/14      EV: 11    Int: 12    God:    Okawaru [****..]
Gold:   725        SH:  0    Dex:  9    Spells: 10/10 levels left

rFire    . . .     SeeInvis .   Q - +0 flail (protect)
rCold    . . .     Faith    .   (no shield)
rNeg     . . .     Spirit   .   b - +1 robe
rPois    .         Reflect  .   (helmet restricted)
rElec    .         Harm     .   (no cloak)
rCorr    .         Rampage  .   (gloves unavailable)
MR       +....                  (boots unavailable)
Stlth    +.........             (no amulet)
HPRegen  0.30/turn              (no ring)
MPRegen  0.14/turn              (no ring)

@: protection aura
A: large, unfitting armour, tough skin 1
a: Heroism, Renounce Religion


You were on level 9 of the Dungeon.
You worshipped Okawaru.
Okawaru was greatly pleased with you.
You visited 2 branches of the dungeon, and saw 11 of its levels.

You collected 725 gold pieces.

Inventory:

Hand Weapons
 l - a +0 giant spiked club
 E - a +0 flail
 G - a +0 morningstar
 Q - a +0 flail of protection (weapon)
Missiles
 c - 2 large rocks
 e - 193 stones
 h - 13 boomerangs
 o - 28 poisoned darts
 u - 2 silver javelins
 v - 8 javelins
 H - 2 boomerangs of dispersal (quivered)
 O - 7 atropa-tipped darts
 P - 3 throwing nets
Armour
 b - a +1 robe (worn)
 j - the cursed +0 robe "Ahes" {Int+6}
   (You found it on level 7 of the Dungeon)

   It affects your intelligence (+6).
   It has a curse placed upon it.
Jewellery
 N - an uncursed ring of protection from fire
Wands
 F - a wand of flame (10)
 I - a wand of digging (4)
 K - a wand of polymorph (3)
 L - a wand of iceblast (10)
Scrolls
 d - 3 scrolls of amnesia {unknown}
 g - 3 scrolls of identify
 m - 2 scrolls of enchant weapon
 n - 8 scrolls of remove curse
 t - a scroll of fog
 x - a scroll of fear {unknown}
 y - 3 scrolls of random uselessness {unknown}
 A - a scroll of silence {unknown}
 B - 2 scrolls of teleportation
 C - 4 scrolls of enchant armour
 D - 3 scrolls of blinking {unknown}
Potions
 a - a potion of attraction
 f - a potion of berserk rage
 i - 3 potions of mutation
 p - a potion of invisibility
 q - a potion of flight
 r - a potion of haste
 s - 4 potions of cancellation
 w - a potion of curing {unknown}
 z - a potion of magic {unknown}
 J - a potion of lignification {unknown}
 M - a potion of resistance {unknown}


   Skills:
 * Level 12.5 Fighting
 * Level 10.0 Maces & Flails
 - Level 6.1 Throwing
 + Level 4.9 Dodging
 - Level 0.6 Stealth
 - Level 4.0 Invocations
 - Level 4.3 Evocations


You had 10 spell levels left.
You didn't know any spells.
Your spell library contained the following spells:

 Spells                   Type           Power        Failure   Level
 Animate Skeleton         Necr           #.....       32%         1
 Apportation              Tloc           #.....       32%         1
 Corona                   Hex            #......      32%         1
 Magic Dart               Conj           #...         32%         1
 Summon Small Mammal      Summ           #...         32%         1
 Blink                    Tloc           N/A          45%         2
 Call Imp                 Summ           #.......     45%         2
 Slow                     Hex            #.......     45%         2
 Conjure Flame            Conj/Fire      #.......     69%         3
 Mephitic Cloud           Conj/Pois/Air  #.......     69%         3


Dungeon Overview and Level Annotations

Branches:
Dungeon (10/15)            Temple (1/1) D:6            Lair (0/6) D:10
    Orc: D:9-12

Altars:
Ashenzari
Cheibriados
Dithmenos
Elyvilon
Fedhas
Gozag
Hepliaklqana
Kikubaaqudgha
Makhleb
Nemelex Xobeh
Okawaru
Qazlal
Ru
Sif Muna
Trog
Uskayaw
Vehumet
Wu Jian
Xom
Yredelemnul
Zin
The Shining One
Beogh

Shops:
D:5 [   D:10 *

Annotations:
D:10 Snorg


Innate Abilities, Weirdness & Mutations

You are too large for most types of armour.
You have tough skin. (AC +1)


Message History

The efreet is heavily wounded.
The efreet hits you with a +3 scimitar of flaming!!
* * * LOW HITPOINT WARNING * * *
The efreet burns you!
* * * LOW HITPOINT WARNING * * *
Aiming: Iceblast
Press: ? - help, Shift-Dir - straight line, f - efreet
Aim: an efreet, wielding a +3 scimitar of flaming (heavily wounded)
Okay, then.
Throw: 3 boomerangs (disperse)
Press: ? - help, Q - select action, (/) - cycle Shift-Dir - straight line, f/p - efreet
Aim: an efreet, wielding a +3 scimitar of flaming (heavily wounded)
You throw a boomerang of dispersal.
The boomerang of dispersal hits the efreet.
The efreet blinks!
The efreet gestures at you.
The fireball explodes!
The fireball engulfs the orc!!
The orc dies!
The fireball engulfs you!!
You die...

#........... #####
####........... #...#
#.............. #...#
#..............
#...########..............
#...#...........###.#.####
########☼..#.########.##.#).#..#.
.......#.°R#.########.#.#.##..#.#
####........>§.)@.....##.##.#.#..
#.#.#############..#...##.....
####.#.......# #.#.#..#......
.....#.....#.# #..#.##.#.....
######.....#'### #...##...#..#.
#...........# ##.#.##.##....
#.###.......# ##.###..#....
#.#.........## #.#.........#
#.###.#......# ##.#..#..##.#


You could see an efreet.

Vanquished Creatures
  A two-headed ogre (D:9)
  A queen ant (D:9)
  Psyche (D:8)
  A gargoyle (D:10)
  A centaur skeleton (D:8)
  5 yaks (D:9)
  A shadow (D:9)
  A wraith (D:6)
  Sigmund (D:4)
  A wyvern (D:8)
  Grum (D:8)
  7 soldier ants
  A water moccasin (D:6)
  2 orc warriors
  2 sky beasts (D:6)
  2 phantoms
  4 ogres
  3 wolves (D:8)
  A centaur (D:10)
  6 bullfrogs
  A gnoll sergeant (D:8)
  4 scorpions
  A water moccasin zombie (D:6)
  4 killer bees (D:9)
  A howler monkey (D:7)
  A vampire bat (D:3)
  4 jellies
  11 orc priests
  9 orc wizards
  A bullfrog skeleton (D:5)
  3 gnoll shamans
  An iguana (D:7)
  Natasha (thrice) (D:4)
  24 worker ants
  A hound zombie (D:5)
  6 adders
  53 gnolls
  3 shadow imps
  2 white imps
  An ufetubus (D:7)
  2 oozes
  An adder zombie (D:7)
  4 worms
  A dart slug (D:2)
  2 leopard geckos
  39 orcs
  A bat skeleton (D:3)
  3 bat zombies (D:3)
  4 giant cockroaches
  9 goblins
  6 hobgoblins
  23 jackals
  5 quokkas
  A ball python (D:2)
  10 bats
  9 frilled lizards
  3 kobolds
  A leopard gecko skeleton (D:4)
  A quokka zombie (D:6)
  9 rats
  A toadstool (D:1)
312 creatures vanquished.

Vanquished Creatures (others)
  An orc (D:9)
  A plant (D:6)
  3 toadstools (D:1)
5 creatures vanquished.

Grand Total: 317 creatures vanquished

Notes
Turn   | Place    | Note
-------+----------+-------------------------------------------
     0 | D:1      | ringo67 the Ogre Hunter began the quest for the Orb.
     0 | D:1      | Reached XP level 1. HP: 22/22 MP: 1/1
    96 | D:1      | Reached skill level 3 in Fighting
   240 | D:1      | Reached XP level 2. HP: 31/31 MP: 2/2
   535 | D:1      | Reached XP level 3. HP: 28/37 MP: 3/3
  1370 | D:1      | Reached skill level 1 in Maces & Flails
  1737 | D:1      | Reached skill level 4 in Fighting
  1740 | D:1      | Reached XP level 4. HP: 33/48 MP: 4/4
  2393 | D:2      | Found a hazy altar of Hepliaklqana.
  3184 | D:2      | Found a shimmering altar of Xom.
  3742 | D:3      | Found a hide-covered altar of Uskayaw.
  3833 | D:3      | Reached XP level 5. HP: 55/55 MP: 5/5
  4052 | D:3      | Found an ancient bone altar of Kikubaaqudgha.
  4188 | D:3      | Found a basalt altar of Yredelemnul.
  4560 | D:4      | Noticed Sigmund
  4565 | D:4      | Killed Sigmund
  4566 | D:4      | Reached skill level 5 in Fighting
  4566 | D:4      | Reached XP level 6. HP: 56/66 MP: 6/6
  4649 | D:4      | Noticed Natasha
  4705 | D:4      | Killed Natasha
  4713 | D:4      | Noticed Natasha
  4716 | D:4      | Killed Natasha
  4933 | D:4      | Found a roughly hewn altar of Beogh.
  4939 | D:4      | Reached skill level 6 in Fighting
  4944 | D:4      | Reached XP level 7. HP: 56/75 MP: 7/7
  4953 | D:4      | Reached skill level 5 in Throwing
  5647 | D:4      | Noticed Natasha
  5659 | D:4      | Killed Natasha
  6319 | D:5      | Entered Level 5 of the Dungeon
  6395 | D:5      | Reached skill level 7 in Fighting
  6502 | D:5      | Identified the +3 short sword of the Pits of Slime {vorpal,
                  | MP+9 Str+2} (You found it on level 5 of the Dungeon)
  6536 | D:5      | Reached XP level 8. HP: 87/87 MP: 8/8
  6791 | D:5      | Found Ireinuk's Antique Armour Shoppe.
  7088 | D:5      | Found a bloodstained altar of Trog.
  7930 | D:6      | Found a staircase to the Ecumenical Temple.
  7967 | Temple   | Entered the Ecumenical Temple
  8331 | Temple   | Became a worshipper of Warmaster Okawaru
  8475 | D:6      | Reached skill level 8 in Fighting
  8639 | D:6      | Reached skill level 5 in Maces & Flails
  9169 | D:6      | Found a snail-covered altar of Cheibriados.
  9290 | D:6      | Reached * piety under Okawaru
  9895 | D:6      | Noticed a wraith
 10237 | D:7      | Reached skill level 9 in Fighting
 10237 | D:7      | Reached XP level 9. HP: 70/98 MP: 9/9
 10612 | D:7      | Reached skill level 1 in Invocations
 10971 | D:7      | Found a glowing golden altar of the Shining One.
 10971 | D:7      | Found an ornate altar of the Wu Jian Council.
 11070 | D:7      | Got a distressingly furry robe
 11071 | D:7      | Identified the cursed +0 robe "Ahes" {Int+6} (You found it
                  | on level 7 of the Dungeon)
 11420 | D:8      | Reached skill level 1 in Evocations
 11629 | D:8      | Found a sacrificial altar of Ru.
 11675 | D:8      | Reached ** piety under Okawaru
 11884 | D:8      | Noticed Psyche
 11894 | D:8      | Killed Psyche
 12150 | D:8      | Noticed Grum
 12159 | D:8      | Killed Grum
 12165 | D:8      | Reached skill level 10 in Fighting
 12821 | D:8      | Reached XP level 10. HP: 84/110 MP: 12/12
 13772 | D:9      | Reached *** piety under Okawaru
 16130 | D:9      | Noticed a queen ant
 16158 | D:9      | Killed a queen ant
 16158 | D:9      | Reached **** piety under Okawaru
 16159 | D:9      | Reached skill level 11 in Fighting
 18239 | D:10     | Entered Level 10 of the Dungeon
 18455 | D:10     | Noticed a gargoyle
 18741 | D:10     | Found a staircase to the Lair.
 18750 | D:10     | Noticed a two-headed ogre
 18795 | D:10     | Killed a gargoyle
 18796 | D:10     | Reached XP level 11. HP: 107/120 MP: 14/14
 19110 | D:9      | Killed a two-headed ogre
 19609 | D:9      | Reached skill level 12 in Fighting
 20278 | D:9      | Received a gift from Okawaru
 20699 | D:10     | Found Micwit's General Store.
 20701 | D:10     | Noticed Snorg
 21458 | D:6      | Reached skill level 10 in Maces & Flails
 21991 | D:6      | Received a gift from Okawaru
 24103 | D:9      | Killed from afar by an efreet

Illustrated notes

Levels and vault maps discovered:
D:1:      ldierk_water_garden, layout_basic, minmay_box_of_dots
D:2:      layout_rooms, tgw_xom, marbit_many_paths, serial_aquarium,
          aquarium_bridge_long_joined [aquarium_subvault_wall,
          aquarium_subvault_window, aquarium_subvault_bridge,
          aquarium_subvault_wall, aquarium_subvault_wall,
          aquarium_subvault_window], aquarium_bridge_island_small
          [aquarium_subvault_small_open, aquarium_subvault_bridge,
          aquarium_subvault_wall, aquarium_subvault_wall,
          aquarium_subvault_bridge], aquarium_window_2, aquarium_window_fake,
          aquarium_window_2, aquarium_view_2b, aquarium_view_2d,
          aquarium_balcony_5b, kennysheep_minor_cross, minmay_pentomino_p4
D:3:      layout_basic, kennysheep_vampire_church,
          eat_drink_and_be_merry_uskayaw, lemuel_round_altar
D:4:      layout_cave_pools, kennysheep_orc_chapel, uniq_natasha, uniq_sigmund
D:5:      layout_loops_cross, serial_shops, shop, trog_butcher_becter
D:6:      lemuel_castle_with_subvaults [lemuel_castle_interior_original],
          layout_basic, cheibrodos_worm_habitat, minmay_temple_entry_statues,
          minmay_holes, minmay_fractal_squares_5
D:7:      layout_loops_ring, gammafunk_temple_overflow_pools, minivault_10,
          minmay_misc_feat_chi, kennysheep_generic_room_8
D:8:      layout_loops_cross, lemuel_doored_altar, uniq_psyche, uniq_grum
D:9:      layout_basic, minmay_another_anthill
D:10:     layout_basic, lair_entry_dummy, serial_shops, nicolae_shop_crystal,
          uniq_snorg
Temple:   dshaligram_water_room_temple

Skill      XL: |  1  2  3  4  5  6  7  8  9 10 11 |
---------------+----------------------------------+-----
Fighting       | 3 4 5 6 7 9 10 11 12 | 12.5
Dodging        | 2 3 4 |  4.9
Maces & Flails | 1 2 3 4 5 7 9 10 | 10.0
Throwing       | 5 6 |  6.1
Invocations    | 3 4 |  4.0
Evocations     | 2 4 |  4.3
Stealth        | |  0.6

Action                   |  1- 3 |  4- 6 |  7- 9 | 10-12 || total
-------------------------+-------+-------+-------+-------++-------
Melee: Short sword       |     6 |       |       |       ||     6
       Mace              |    64 |   107 |   209 |       ||   380
       Morningstar       |       |       |    92 |   434 ||   526
       Flail             |       |       |    32 |    68 ||   100
Throw: Boomerang         |    51 |    18 |     5 |    22 ||    96
       Stone             |     4 |    15 |    50 |    24 ||    93
       Large rock        |     1 |    10 |     8 |     8 ||    27
       Throwing net      |       |     1 |     2 |       ||     3
       Dart              |       |       |    86 |    81 ||   167
Invok: Heroism           |       |       |       |     1 ||     1
Evoke: Wand              |       |       |       |     1 ||     1
  Use: Scroll            |     4 |     2 |    10 |     2 ||    18
       Potion            |       |       |       |     6 ||     6
 Stab: Sleeping          |       |     1 |     1 |     1 ||     3
Armor: Robe              |    25 |    73 |    69 |    77 ||   244
Dodge: Dodged            |    71 |    80 |   205 |   337 ||   693

Table legend: (Time is in decaauts)
 A = Elapsed time spent in this place.
 B = Non-inter-level travel time spent in this place.
 C = Inter-level travel time spent in this place.
 D = Time resting spent in this place.
 E = Time spent auto-exploring this place.
 F = Levels seen in this place.
 G = Mean time per level.
                   A        B        C        D        E       F      G
               +--------+--------+--------+--------+--------+-----+--------+
         Total |  24269 |  23583 |    686 |  14283 |   4969 |  11 | 2206.3 |
       Dungeon |  23895 |  23212 |    683 |  14060 |   4860 |  10 | 2389.5 |
        Temple |    373 |    370 |      3 |    223 |    109 |   1 |  373.0 |
               +--------+--------+--------+--------+--------+-----+--------+

Top non-repeatable levels by time:
     D:8: 5188 daAuts
     D:9: 4678 daAuts
     D:6: 3620 daAuts
     D:5: 2330 daAuts
     D:1: 1941 daAuts
     D:2: 1732 daAuts
     D:3: 1529 daAuts
     D:7: 1307 daAuts
     D:4: 1183 daAuts
    D:10: 382 daAuts
  Temple: 373 daAuts
